 Dungeon Crawl Stone Soup version 0.28.0-53-g5a82cb258f (webtiles) character file.

Game seed: 946947437416904987

99 PhantomBowie the Cleaver (level 4, 0/32 HPs)
             Began as a Gnoll Wanderer on June 15, 2022.
             Slain by an orc wizard
             ... wielding a +0 dagger
              (1 damage)
             ... on level 3 of the Dungeon.
             The game lasted 00:05:04 (2611 turns).

PhantomBowie the Cleaver (Gnoll Wanderer)           Turns: 2611, Time: 00:05:06

Health: 0/32       AC:  9    Str: 16    XL:     4   Next: 72%
Magic:  11/11      EV:  6    Int: 11    God:
Gold:   80         SH:  0    Dex:  9    Spells: 12/13 levels left

rFire   + . .      SeeInvis .   g - +2 dagger (venom)
rCold   . . .      Faith    .   (no shield)
rNeg    . . .      Spirit   .   l - +1 chain mail {rF+}
rPois   .          Reflect  .   (no helmet)
rElec   .          Harm     .   (no cloak)
rCorr   .          Rampage  .   (no gloves)
Will    .....                   (no boots)
Stlth   ..........              (no amulet)
HPRegen 0.10/turn               n - ring of wizardry
MPRegen 0.12/turn               (no ring)

@: no status effects
A: fangs 1, strong nose, distributed training
a: no special abilities


You were on level 3 of the Dungeon.
You visited 1 branch of the dungeon, and saw 3 of its levels.

You collected 80 gold pieces.

Inventory:

Hand Weapons
 a - a +0 war axe
 g - a +2 dagger of venom (weapon)
Missiles
 f - a boomerang (quivered)
Armour
 l - a +1 chain mail of fire resistance (worn)
Jewellery
 n - a ring of wizardry (left hand)
Wands
 b - a wand of flame (6)
 i - a wand of paralysis (12)
Scrolls
 d - a scroll of magic mapping {unknown}
 e - 4 scrolls of identify {unknown}
 h - 2 scrolls of noise {unknown}
 k - 2 scrolls of teleportation {unknown}
 o - a scroll of enchant weapon {unknown}
Potions
 c - 4 potions of brilliance {unknown}
 j - a potion of haste {unknown}
 m - a potion of ambrosia {unknown}


   Skills:
 + Level 1.2 Fighting
 + Level 1.2 Short Blades
 + Level 1.2 Long Blades
 + Level 8.6 Axes
 + Level 1.2 Maces & Flails
 + Level 1.2 Polearms
 + Level 1.2 Staves
 + Level 1.2 Slings
 + Level 1.2 Bows
 + Level 1.2 Crossbows
 + Level 1.2 Throwing
 + Level 1.2 Armour
 + Level 1.2 Dodging
 + Level 1.2 Stealth
 + Level 1.2 Shields
 + Level 1.2 Unarmed Combat
 + Level 5.1 Spellcasting
 + Level 1.0 Conjurations
 + Level 3.9 Hexes
 + Level 1.0 Summonings
 + Level 1.0 Necromancy
 + Level 1.0 Translocations
 + Level 1.0 Transmutations
 + Level 1.0 Fire Magic
 + Level 1.0 Ice Magic
 + Level 1.0 Air Magic
 + Level 1.0 Earth Magic
 + Level 1.0 Poison Magic
 + Level 1.3 Invocations
 + Level 4.7 Evocations


You had 12 spell levels left.
You knew the following spells:

 Your Spells              Type           Power      Damage    Failure   Level
a - Slow                  Hex            44%        N/A       32%         1

Your spell library contained the following spells:

 Spells                   Type           Power      Damage    Failure   Level
 Tukima's Dance           Hex            11%        N/A       65%         3
 Animate Skeleton         Necr           10%        N/A       69%         1
 Foxfire                  Conj/Fire      20%        2x1d5     69%         1
 Pain                     Necr           20%        1d5       69%         1
 Dazzling Flash           Conj/Hex       16%        N/A       86%         3
 Inner Flame              Hex/Fire       8%         N/A       86%         3
 Conjure Flame            Conj/Fire      5%         6-21      96%         3
 Vampiric Draining        Necr           5%         2d6       96%         3
 Flame Wave               Conj/Fire      5%         2d5       100%        4
 Passage of Golubria      Tloc           5%         N/A       100%        4
 Yara's Violent Unravell  Hex/Tmut       4%         3d4       100%        5


Dungeon Overview and Level Annotations

Branches:
Dungeon (3/15)

Altars:


Innate Abilities, Weirdness & Mutations

You have very sharp teeth.
Your uncanny sense of smell can sniff out nearby items.
Your experience applies equally to all skills.


Message History

You miss something. Something hits you but does no damage.
You barely miss something.
You hear some strange, mumbled words.
You are confused.
Something hits you but does no damage.
You're too confused to move!
Something hits you but does no damage.
You miss something. Something hits you but does no damage. Something hits you.
You bump into the rock wall.
Something hits you but does no damage.
You closely miss something. Something hits you but does no damage.
You bump into the rock wall.
Something hits you. x2
You bump into the rock wall.
You hear some strange, mumbled words.
You are more confused.
You miss something. Something hits you.
* * * LOW HITPOINT WARNING * * *
Something hits you but does no damage.
You bump into the rock wall.
Something hits you.
* * * LOW HITPOINT WARNING * * *
You hit something.
You hear some strange, mumbled words.
A puff of flame appears from out of thin air!
The puff of flame hits you. You resist.
* * * LOW HITPOINT WARNING * * *
An orc wizard appears from thin air!
Reactivating autopickup.
The orc wizard gestures at you while chanting.
The magic dart hits you.
* * * LOW HITPOINT WARNING * * *
You bump into the rock wall.
The orc wizard gestures wildly while chanting.
The orc wizard flickers and vanishes!
Deactivating autopickup; reactivate with Ctrl-A.
You miss something. You punch something. Your bite misses something.
You hear some strange, mumbled words.
Something tries to affect you, but you resist.
Something hits you but does no damage.
You bump into the rock wall.
You feel less confused. Something hits you.
You die...

#.# #.# #.# #.# #.#
#.# #.#
.###################.#
......o{@............#
...###################


You could see an orc.

Vanquished Creatures
  2 adders
  3 dart slugs
  An orc (D:3)
  4 endoplasms
  2 giant cockroaches (D:1)
  5 goblins
  2 hobgoblins
  4 jackals (D:2)
  2 kobolds (D:1)
  3 quokkas (D:2)
  6 ball pythons
  7 bats
  7 frilled lizards
  6 rats
54 creatures vanquished.

Vanquished Creatures (others)
  An orc wizard (D:3)
1 creature vanquished.

Grand Total: 55 creatures vanquished

Notes
Turn   | Place    | Note
-------+----------+-------------------------------------------
     0 | D:1      | PhantomBowie the Gnoll Wanderer began the quest for the
                  | Orb.
     0 | D:1      | PhantomBowie set off with the following items: a +0 war
                  | axe, a wand of flame (6), a +0 leather armour; and the
                  | following spell memorised: Slow; and the following spells
                  | available to memorise: Dazzling Flash
     0 | D:1      | Reached XP level 1. HP: 13/13 MP: 6/6
   246 | D:1      | Reached XP level 2. HP: 13/19 MP: 7/7
  1059 | D:1      | Reached XP level 3. HP: 23/25 MP: 9/9
  1098 | D:1      | Reached skill level 5 in Spellcasting
  1222 | D:1      | Found a faded altar of an unknown god.
  1637 | D:2      | Reached skill level 1 in Invocations
  2133 | D:2      | Reached skill level 1 in Fighting
  2133 | D:2      | Reached skill level 1 in Short Blades
  2133 | D:2      | Reached skill level 1 in Long Blades
  2133 | D:2      | Reached skill level 1 in Maces & Flails
  2133 | D:2      | Reached skill level 1 in Polearms
  2133 | D:2      | Reached skill level 1 in Staves
  2133 | D:2      | Reached skill level 1 in Slings
  2133 | D:2      | Reached skill level 1 in Bows
  2133 | D:2      | Reached skill level 1 in Crossbows
  2133 | D:2      | Reached skill level 1 in Throwing
  2133 | D:2      | Reached skill level 1 in Armour
  2133 | D:2      | Reached skill level 1 in Dodging
  2133 | D:2      | Reached skill level 1 in Stealth
  2133 | D:2      | Reached skill level 1 in Shields
  2133 | D:2      | Reached skill level 1 in Unarmed Combat
  2133 | D:2      | Reached XP level 4. HP: 27/32 MP: 11/11
  2588 | D:3      | Reached skill level 1 in Conjurations
  2588 | D:3      | Reached skill level 1 in Summonings
  2588 | D:3      | Reached skill level 1 in Necromancy
  2588 | D:3      | Reached skill level 1 in Translocations
  2588 | D:3      | Reached skill level 1 in Transmutations
  2588 | D:3      | Reached skill level 1 in Fire Magic
  2588 | D:3      | Reached skill level 1 in Ice Magic
  2588 | D:3      | Reached skill level 1 in Air Magic
  2588 | D:3      | Reached skill level 1 in Earth Magic
  2588 | D:3      | Reached skill level 1 in Poison Magic
  2608 | D:3      | HP: 1/32 [orc wizard/magic dart (5)]
  2611 | D:3      | Slain by an orc wizard

Illustrated notes

Levels and vault maps discovered:
D:1:      minmay_arrival_four_loops, layout_basic,
          hellmonk_ecumenical_altar_zigzags, corexii_corridor_pit
D:2:      layout_loops_cross, st_stairs_3
D:3:      layout_basic, columned_hall_lemuel, chequers_serial_rivers_marsh,
          minmay_misc_feat_columns, kennysheep_cluttered_room

Skill      XL: |  1  2  3  4 |
---------------+-------------+-----
Spellcasting   | 5 |  5.1
Invocations    | 1 |  1.3
Fighting       | 1 |  1.2
Short Blades   | 1 |  1.2
Long Blades    | 1 |  1.2
Maces & Flails | 1 |  1.2
Polearms       | 1 |  1.2
Staves         | 1 |  1.2
Slings         | 1 |  1.2
Bows           | 1 |  1.2
Crossbows      | 1 |  1.2
Throwing       | 1 |  1.2
Armour         | 1 |  1.2
Dodging        | 1 |  1.2
Stealth        | 1 |  1.2
Shields        | 1 |  1.2
Unarmed Combat | 1 |  1.2
Conjurations   | 1 |  1.0
Summonings     | 1 |  1.0
Necromancy     | 1 |  1.0
Translocations | 1 |  1.0
Transmutations | 1 |  1.0
Fire Magic     | 1 |  1.0
Ice Magic      | 1 |  1.0
Air Magic      | 1 |  1.0
Earth Magic    | 1 |  1.0
Poison Magic   | 1 |  1.0
Axes           | |  8.6
Hexes          | |  3.9
Evocations     | |  4.7

Action                   |  1- 3 |  4- 6 || total
-------------------------+-------+-------++-------
Melee: War axe           |    27 |       ||    27
       Bite              |    11 |     3 ||    14
       Punch             |     3 |     1 ||     4
       Dagger            |    94 |    60 ||   154
Throw: Boomerang         |     3 |       ||     3
Armor: Leather armour    |    15 |       ||    15
       Chain mail        |    24 |    41 ||    65
Dodge: Dodged            |    56 |     7 ||    63
